 Dungeon Crawl Stone Soup version 0.30-a0-793-g160f7cfddd (webtiles) character file.

Game seed: 16388292292918678895

262 NotreDorf the Magician (level 5, -14/39 HPs)
             Began as a Mummy Venom Mage on Feb 19, 2023.
             Demolished by Duvessa
             ... wielding a +0 short sword
              (16 damage)
             ... on level 4 of the Dungeon.
             The game lasted 00:16:29 (3477 turns).

NotreDorf the Magician (Mummy Venom Mage)           Turns: 3477, Time: 00:16:29

Health: -14/39     AC:  4    Str: 11    XL:     5   Next: 97%
Magic:  6/11       EV: 11    Int: 17    God:
Gold:   134        SH:  4    Dex: 12    Spells: 4/12 levels left

rFire   x . .      SeeInvis .    b - +0 dagger
rCold   + . .      Faith    +    g - +0 buckler
rNeg    + + +      Spirit   .    c - +2 robe {Will+}
rPois   ∞          Reflect  .    (no helmet)
rElec   .          Harm     .    (no cloak)
rCorr   .          Rampage  .    (no gloves)
Will    +....                    (no boots)
Stlth   ++                       (no amulet)
HPRegen 0.26/turn                (no ring)
MPRegen 0.12/turn                (no ring)

@: no status effects
A: cold resistance 1, negative energy resistance 3, torment resistance 2, heat
vulnerability 1, in touch with death 1, no potions, faith
a: no special abilities


You were on level 4 of the Dungeon.
You visited 1 branch of the dungeon, and saw 4 of its levels.

You collected 260 gold pieces.
You spent 126 gold pieces at shops.

Inventory:

Hand Weapons
 b - a +0 dagger (weapon)
Armour
 c - a +2 robe of willpower (worn)
 g - a +0 buckler (worn)
Jewellery
 j - an amulet of reflection
Scrolls
 a - 2 scrolls of amnesia
 d - a scroll of fog
 e - 3 scrolls of teleportation
 f - 2 scrolls of torment
 h - a scroll of immolation {unknown}
 i - a scroll of enchant armour {unknown}
 k - a scroll of vulnerability {unknown}
 l - a scroll of identify
 m - a scroll of enchant weapon {unknown}


   Skills:
 + Level 2.6 Fighting
 - Level 1.5 Dodging
 - Level 1.5 Stealth
 + Level 1.5 Shields
 + Level 4.4 Spellcasting
 - Level 0.7 Transmutations
 + Level 1.5 Air Magic
 + Level 3.4 Poison Magic


You had 4 spell levels left.
You knew the following spells:

 Your Spells              Type           Power      Damage    Failure   Level
a - Sting                 Tmut/Pois      40%        1d5       9%          1
b - Poisonous Vapours     Pois/Air       24%        N/A       11%         2
c - Cigotuvi's Dreadful   Necr/Pois/Air  28%        N/A       16%         2
d - Mephitic Cloud        Conj/Pois/Air  9%         N/A       30%         3

Your spell library contained the following spells:

 Spells                   Type           Power      Damage    Failure   Level
 Static Discharge         Conj/Air       12%        2-3/arc   22%         2
 Vhi's Electric Charge    Tloc/Air       12%        N/A       41%         3
 Olgreb's Toxic Radiance  Pois           15%        N/A       43%         4
 Arcjolt                  Conj/Air       3%         1d13      99%         5
 Lightning Bolt           Conj/Air       3%         1d14      99%         5
 Chain Lightning          Conj/Air       3%         3d4       100%        9
 Fire Storm               Conj/Fire      1%         8d1       100%        9
 Shatter                  Erth           1%         3d6*      100%        9


Dungeon Overview and Level Annotations

Branches:
Dungeon (4/15)
 Temple: D:4-7

Altars:

Shops:
D:3 ?

Annotations:
D:3 2 runed translucent doors, Grinder; souper's ghost, amateur DsHu
D:4 Duvessa


Innate Abilities, Weirdness & Mutations

You are immune to poison.
Your flesh is cold resistant. (rC+)
You are immune to negative energy. (rN+++)
You are immune to unholy pain and torment.
You are vulnerable to heat. (rF-)
You are in touch with the powers of death.
You do not drink.
You have a special connection with the divine. (Faith)


Message History

You hit Duvessa but do no damage. You hit Duvessa but do no damage.
Duvessa hits you with a +0 short sword!
Duvessa hits herself with a +0 short sword!
You hit Duvessa but do no damage.
Duvessa is lightly wounded.
You hit Duvessa.
Duvessa is lightly wounded.
Duvessa seems less confused.
Duvessa hits you but does no damage.
You closely miss Duvessa.
Duvessa is lightly wounded.
Duvessa hits you with a +0 short sword!
* * * LOW HITPOINT WARNING * * *
Duvessa closely misses you.
Casting: Mephitic Cloud (quite dangerous; 30% risk of failure)
Confirm with . or Enter, or press ? or * to list all spells.
The spell is quite dangerous to miscast (30% risk of failure)!
Continue anyway?
Aiming: Mephitic Cloud (quite dangerous; 30% risk of failure)
Press: ? - help, Shift-Dir - straight line, f - Duvessa
Aim: Duvessa, wielding a +0 short sword and wearing a +2 scale mail of fire resistance (lightly wounded, berserk, chance to affect: 81%)
The ball explodes into a vile cloud!
The stinking cloud engulfs Duvessa but does no damage.
Duvessa is lightly wounded.
The stinking cloud engulfs you but does no damage.
You hear a bark!
Duvessa is engulfed in noxious fumes.
You block Duvessa's attack.
You hit Duvessa but do no damage.
Duvessa is lightly wounded.
Duvessa is engulfed in noxious fumes.
Duvessa appears confused.
Duvessa is engulfed in noxious fumes.
Duvessa appears confused.
You hit Duvessa but do no damage.
Duvessa is lightly wounded.
You catch the helpless Duvessa completely off-guard!
You hit Duvessa.
Duvessa is moderately wounded.
A hound comes into view.
Duvessa rages.
Duvessa hits you with a +0 short sword!
* * * LOW HITPOINT WARNING * * *
Duvessa hits you with a +0 short sword!
You die...

... #.... #..# .# #..
..#.... #... .. #.#
#.#....##... ###.
#.###......#..#.
.....#####..........#..#.
#.........h...# #....#.
#.....).(.# #...#.
#..##e###.# ##...#.
#....@#...######......
......#.........##.###..
...##.##..#####.##.# #.#
..# #....... #....# #.# .
###.###.. ##..## #.# ...
##.##....##.# ..#
#.....#....# ..#
##..####..# ## #
#.........


You could see Duvessa (berserk, confused).

Vanquished Creatures
  An ogre (D:4)
  Dowan (D:4)
  An iguana (D:4)
  Robin (D:3)
  2 adders
  A worm (D:2)
  A dart slug (D:1)
  An orc (D:3)
  7 endoplasms
  3 giant cockroaches (D:3)
  14 goblins
  7 hobgoblins
  2 kobolds
  4 quokkas
  7 ball pythons
  5 bats
  4 frilled lizards
  4 rats
66 creatures vanquished.

Vanquished Creatures (others)
  7 plants (D:3)
7 creatures vanquished.

Grand Total: 73 creatures vanquished

Notes
Turn   | Place    | Note
-------+----------+-------------------------------------------
     0 | D:1      | NotreDorf the Mummy Venom Mage began the quest for the Orb.
     0 | D:1      | Reached XP level 1. HP: 13/13 MP: 4/4
   193 | D:1      | Reached skill level 3 in Spellcasting
   240 | D:1      | Reached XP level 2. HP: 20/20 MP: 3/6
   326 | D:1      | Reached skill level 1 in Fighting
   703 | D:1      | Learned a level 2 spell: Poisonous Vapours
   706 | D:1      | Learned a level 2 spell: Cigotuvi's Dreadful Rot
   887 | D:2      | Gained mutation: You are in touch with the powers of death.
                  | [Mummy growth]
   887 | D:2      | Reached XP level 3. HP: 26/26 MP: 5/7
  1624 | D:2      | Learned a level 3 spell: Mephitic Cloud
  1978 | D:3      | Found Nualacoe's Magic Scroll Shoppe.
  1995 | D:3      | Bought 3 scrolls of identify for 84 gold pieces
  1995 | D:3      | Bought a scroll of teleportation for 42 gold pieces
  2308 | D:3      | Noticed Grinder
  2329 | D:3      | Reached XP level 4. HP: 30/33 MP: 5/9
  2561 | D:3      | Found a runed translucent door.
  2566 | D:3      | Noticed souper's ghost (amateur DsHu)
  2819 | D:3      | Noticed Robin
  2833 | D:3      | Killed Robin
  2963 | D:3      | Found a runed translucent door.
  3277 | D:4      | Noticed an ogre
  3281 | D:4      | Killed an ogre
  3282 | D:4      | Reached skill level 1 in Shields
  3282 | D:4      | Reached skill level 4 in Spellcasting
  3282 | D:4      | Reached skill level 1 in Air Magic
  3282 | D:4      | Reached XP level 5. HP: 38/38 MP: 3/11
  3441 | D:4      | Noticed Dowan
  3444 | D:4      | Noticed Duvessa
  3462 | D:4      | Killed Dowan
  3477 | D:4      | Demolished by Duvessa

Illustrated notes

Levels and vault maps discovered:
D:1:      eino_arrival_water_cross, layout_rooms, serial_glass, glass_columns_a,
          glass_columns_c, glass_columns_c, glass_columns_b, glass_columns_b,
          glass_columns_b, minmay_ruptured
D:2:      layout_basic, hex_large
D:3:      cheibrodos_old_hovel, layout_loops_corners, serial_shops,
          nicolae_shop_waterfront, ebering_ghost_sewer_f,
          kennysheep_generic_room_12, uniq_grinder, uniq_robin
D:4:      layout_rooms, serial_shops, shop, serial_park_tiny_1, chequers_garden,
          pf_guarded_unrand_meek, uniq_duvessa, uniq_natasha

Skill      XL: |  1  2  3  4 |
---------------+-------------+-----
Spellcasting   | 3 4 |  4.4
Fighting       | 1 2 |  2.6
Poison Magic   | 3 |  3.4
Shields        | 1 |  1.5
Air Magic      | 1 |  1.5
Dodging        | |  1.5
Stealth        | |  1.5
Transmutations | |  0.7

Action                     |  1- 3 |  4- 6 || total
---------------------------+-------+-------++-------
  Melee: Dagger            |    24 |    29 ||    53
         Unarmed           |     1 |       ||     1
         Punch             |     1 |       ||     1
   Cast: Sting             |    78 |    33 ||   111
         Mephitic Cloud    |       |     5 ||     5
         Cigotuvi's Dreadf |       |     1 ||     1
    Use: Scroll            |     3 |       ||     3
   Stab: Confused          |       |     3 ||     3
 Armour: Robe              |    18 |    11 ||    29
  Dodge: Dodged            |    41 |    21 ||    62
  Block: Buckler           |     5 |     3 ||     8

Table legend: (Time is in decaauts)
 A = Elapsed time spent in this place.
 B = Non-inter-level travel time spent in this place.
 C = Inter-level travel time spent in this place.
 D = Time resting spent in this place.
 E = Time spent auto-exploring this place.
 F = Levels seen in this place.
 G = Mean time per level.
                   A        B        C        D        E       F      G
               +--------+--------+--------+--------+--------+-----+--------+
         Total |   3478 |   3376 |    102 |    327 |   2219 |   4 |  869.5 |
       Dungeon |   3478 |   3376 |    102 |    327 |   2219 |   4 |  869.5 |
               +--------+--------+--------+--------+--------+-----+--------+

Top non-repeatable levels by time:
     D:3: 1511 daAuts
     D:2: 1041 daAuts
     D:1: 721 daAuts
     D:4: 204 daAuts
